 Dungeon Crawl Stone Soup version 0.13-a0-2808-gda3a3b1 (webtiles) character file.

4642 Duskembrace the Cleaver (level 10, -1/88 HPs)
             Began as a Minotaur Gladiator on Aug 25, 2013.
             Was a Believer of Okawaru.
             Blown up by Maurice (21 damage)
             ... with a wand of disintegration
             ... on Level 9 of the Dungeon.
             The game lasted 00:42:26 (7462 turns).

Duskembrace the Cleaver (Minotaur Gladiator)        Turns: 7462, Time: 00:42:26

HP  -1/88        AC 19     Str 20      XL: 10   Next:  6%
MP   3/3         EV  6     Int  5      God: Okawaru [**....]
Gold 518         SH  0     Dex 14      Spells:  0 memorised,  9 levels left

Res.Fire  : + . .   See Invis. : +   h - +4 dwarf hand axe (venom)
Res.Cold  : . . .   Warding    : .   u - +0 plate armour
Life Prot.: . . .   Conserve   : .   (no shield)
Res.Poison: .       Res.Corr.  : .   c - +1 cap
Res.Elec. : .       Clarity    : .   r - +0 cloak
Sust.Abil.: . .     Spirit.Shd : .   (no gloves)
Res.Mut.  : .       Stasis     : .   k - +0 pair of elf boots
Res.Rott. : .       Flight     : .   (no amulet)
Saprovore : . . .                    H - ring of see invisible
                                     C - ring of protection from fire

@: somewhat resistant to hostile enchantments, extremely unstealthy
A: retaliatory headbutt, horns 2, +10% hp
a: Heroism, Renounce Religion


You were on level 9 of the Dungeon.
You worshipped Okawaru.
Okawaru was most pleased with you.
You were not hungry.

You visited 2 branches of the dungeon, and saw 10 of its levels.
You also visited: Sewer.

You collected 498 gold pieces.

Inventory:

Hand weapons
 a - a +0,+0 hand axe {=f}
 h - a +4,+4 dwarven hand axe of venom (weapon)
 I - a +1,+0 dwarven broad axe
 P - a +2,+0 hand axe of freezing
 Q - a -3,+0 hand axe
Missiles
 d - 3 throwing nets (quivered)
 o - 4 poisoned darts
 A - 55 darts
Armour
 c - a +1 cap (worn)
 k - a +0 pair of elven boots (worn)
 r - a +0 cloak (worn)
 u - a +0 plate armour (worn)
 w - a +0 pair of boots
Magical devices
 e - a wand of digging (2)
 m - a wand of paralysis (13) {unknown}
Comestibles
 f - 9 bread rations
 g - a slice of pizza
 l - a banana
 s - a meat ration
 t - 3 pears
 z - a choko
 T - an apple
Scrolls
 b - a scroll of identify
 i - 6 scrolls of remove curse
 n - 5 scrolls of teleportation
 p - 2 scrolls of fog
 v - a scroll of magic mapping
 K - a scroll of amnesia
 L - 2 scrolls of blinking
Jewellery
 C - a ring of protection from fire (left hand)
 E - a +3 ring of strength
 H - a ring of see invisible (right hand)
 M - an uncursed ring of positive energy
Potions
 j - 5 potions of curing
 B - 2 potions of heal wounds
 D - a potion of brilliance
 G - a potion of resistance
 J - 3 potions of flight
 U - a potion of restore abilities
 V - a potion of invisibility
Miscellaneous
 y - a fan of gales


   Skills:
 + Level 5.0 Fighting
 + Level 11.9 Axes
 - Level 2.0 Throwing
 + Level 11.5 Armour
 + Level 4.3 Dodging


You had 9 spell levels left.
You didn't know any spells.

Dungeon Overview and Level Annotations

Branches:
Dungeon (9/27)             Temple (1/1) D:7             Orc (0/4) D:7
   Lair: D:8-13

Altars:
Ashenzari
Cheibriados
Elyvilon
Fedhas
Kikubaaqudgha
Makhleb
Nemelex Xobeh
Okawaru
Sif Muna
Trog
Vehumet
Xom
Yredelemnul
Zin
the Shining One

Shops:
D:4 %+}   D:6 }

Annotations:
D:9 Maurice


Innate Abilities, Weirdness & Mutations

You reflexively headbutt those who attack you in melee.
You have a pair of horns on your head.
You are robust (+10% HP).


Message History

Okawaru accepts your kill.
Your Fighting skill increases to level 5!
All of the chunks of flesh in your inventory have completely rotted away.
Maurice zaps a wand.
You resist.
Maurice zaps a wand.
You resist.
Drink which item? (? for menu, Esc to quit)
You feel better.
Maurice zaps a wand.
You resist.
You miss Maurice.
Maurice zaps a wand.
You resist.
You hit Maurice.
Maurice is poisoned.
You headbutt Maurice.
Maurice is lightly wounded.
You hit Maurice.
Maurice is lightly wounded.
Maurice hits you but does no damage.
You slash Maurice!
Maurice looks even sicker.
Your headbutt misses Maurice.
Maurice is moderately wounded.
Maurice gestures wildly while chanting.
Maurice blinks!
Maurice zaps a wand.
You are blasted!
You die...

.# #......#.# .#
#.#....#.# .#
#(#....#.## .#
########..# ##.#
...........# ...##
..##...@..#
....#####.
####.###
.......... #.#
......#### #@#
......## #.#
.......# ###ยง#
.....#.# #...#
....##.# #.###
........ #)#
.####... #.# ##
...######.######.#
..?.............#


You could see Maurice.

Vanquished Creatures
  A necromancer (D:9)
  A basilisk (D:7)
  A two-headed ogre (D:7)
  A manticore (D:8)
  2 phantoms
  2 orc warriors
  6 ogres
  5 centaurs
  A big kobold (Sewer)
  A water moccasin (D:7)
  Blork the orc (D:5)
  2 giant frogs
  5 wights (D:6)
  5 crimson imps
  2 goliath beetles
  A big fish (Sewer)
  A jelly (D:5)
  A centaur zombie (D:5)
  5 hounds
  Crazy Yiuf (D:2)
  An orc priest (D:8)
  A scorpion (D:7)
  5 worker ants
  3 orc wizards
  A quasit (D:8)
  4 grizzly bear simulacra (D:9)
  Ijyb (D:2)
  Jessica (D:2)
  A hound zombie (D:6)
  An ogre skeleton (D:7)
  Terence (D:2)
  A worker ant zombie (D:7)
  10 gnolls
  9 adders
  A giant centipede (D:5)
  4 giant mites
  2 hound simulacra (D:9)
  An inept feature mimic (D:8)
  10 worms
  An iguana zombie (D:8)
  2 grey rats (Sewer)
  An iguana skeleton (D:4)
  3 giant eyeballs
  7 giant geckos
  An ooze (D:3)
  12 orcs
  3 sheep simulacra (D:9)
  A ball python (D:2)
  17 bats
  9 giant cockroaches
  12 hobgoblins
  14 jackals
  16 kobolds
  A quokka (D:3)
  5 giant newts
  A giant newt skeleton (D:5)
  8 goblins
  A hobgoblin skeleton (D:6)
  A kobold skeleton (D:6)
  An orc skeleton (D:7)
  An orc zombie (D:6)
  A quokka zombie (D:8)
  12 rats
  2 rat simulacra (D:9)
  A rat skeleton (D:6)
  A rat zombie (D:5)
238 creatures vanquished.

Notes
Turn   | Place    | Note
--------------------------------------------------------------
     0 | D:1      | Duskembrace, the Minotaur Gladiator, began the quest for the Orb.
     0 | D:1      | Reached XP level 1. HP: 18/18 MP: 0/0
   220 | D:1      | Reached skill level 4 in Axes
   398 | D:1      | Reached XP level 2. HP: 19/25 MP: 0/0
   602 | D:2      | Noticed Crazy Yiuf
   603 | D:2      | Noticed Jessica
   629 | D:2      | Killed Crazy Yiuf
   629 | D:2      | Reached skill level 5 in Axes
   629 | D:2      | Reached skill level 1 in Armour
   629 | D:2      | Reached XP level 3. HP: 19/30 MP: 1/1
   635 | D:2      | Killed Jessica
   977 | D:2      | Reached XP level 4. HP: 32/38 MP: 1/1
  1358 | D:2      | Noticed Terence
  1366 | D:2      | Killed Terence
  1391 | D:2      | Noticed Ijyb
  1405 | D:2      | Killed Ijyb
  1444 | D:2      | Reached skill level 6 in Axes
  1619 | D:3      | Reached XP level 5. HP: 44/44 MP: 1/1
  2387 | D:4      | Found Iwnoklul's Gadget Shop.
  2471 | D:4      | Found Umux's Book Emporium.
  2480 | D:4      | Reached XP level 6. HP: 50/50 MP: 2/2
  2534 | D:4      | Reached skill level 7 in Axes
  2839 | D:4      | Found Orhuet's Food Boutique.
  3002 | D:5      | Entered Level 5 of the Dungeon
  3050 | D:5      | Reached skill level 5 in Armour
  3072 | D:5      | Found a glowing drain.
  3107 | Sewer    | Entered a sewer
  3181 | Sewer    | Reached XP level 7. HP: 51/57 MP: 2/2
  3189 | Sewer    | Reached skill level 8 in Axes
  3213 | Sewer    | Found a glowing silver altar of Zin.
  3423 | D:5      | Noticed Blork the orc
  3438 | D:5      | Killed Blork the orc
  3692 | D:5      | Paralysed by a giant eyeball for 3 turns
  3716 | D:5      | Found a shimmering altar of Xom.
  3963 | D:6      | Paralysed by a giant eyeball for 2 turns
  3983 | D:6      | Found Amoeto's Gadget Shop.
  4003 | D:6      | Reached skill level 9 in Axes
  4100 | D:6      | Found a burning altar of Makhleb.
  4182 | D:6      | Reached XP level 8. HP: 59/63 MP: 2/2
  4582 | D:7      | Found a staircase to the Ecumenical Temple.
  4634 | Temple   | Entered the Ecumenical Temple
  4666 | Temple   | Became a worshipper of Warmaster Okawaru
  4856 | D:7      | Reached skill level 10 in Axes
  4866 | D:7      | Noticed a two-headed ogre
  5217 | D:7      | Killed a two-headed ogre
  5217 | D:7      | Reached XP level 9. HP: 10/69 MP: 3/3
  5227 | D:7      | Acquired Okawaru's first power
  5365 | D:7      | Found a staircase to the Orcish Mines.
  5485 | D:7      | Reached skill level 10 in Armour
  5815 | D:7      | Reached skill level 11 in Axes
  6083 | D:8      | Gained mutation: You are robust (+10% HP). [potion of beneficial mutation]
  7029 | D:9      | Paralysed by a giant eyeball for 3 turns
  7036 | D:9      | Paralysed by a giant eyeball for 4 turns
  7357 | D:9      | Noticed a necromancer
  7366 | D:9      | Killed a necromancer
  7366 | D:9      | Reached XP level 10. HP: 45/88 MP: 3/3
  7443 | D:9      | Noticed Maurice
  7451 | D:9      | Reached skill level 5 in Fighting
  7462 | D:9      | Blown up by Maurice

Action                   |  1- 3 |  4- 6 |  7- 9 | 10-12 || total
-------------------------+-------+-------+-------+-------++-------
Melee: Hand axe          |    30 |   207 |   428 |    31 ||   696
Invok: Heroism           |       |       |     1 |     1 ||     2
  Use: Potion            |     1 |       |     2 |     1 ||     4
       Scroll            |       |       |    28 |       ||    28
